 Dungeon Crawl Stone Soup version 0.18-a0-1539-g1c7284a (webtiles) character file.

210 M4edhros the Covert (level 5, 0/33 HPs)
             Began as an Octopode Artificer on Mar 9, 2016.
             Slain by an orc priest (3 damage)
             ... on level 4 of the Dungeon.
             The game lasted 00:03:19 (1616 turns).

M4edhros the Covert (Octopode Artificer)            Turns: 1616, Time: 00:03:20

Health: 0/33       AC:  1    Str: 10    XL:     5   Next: 88%
Magic:  7/7        EV: 12    Int: 20    God:
Gold:   83         SH:  0    Dex: 13    Spells: 0 memorised, 4 levels left

rFire  . . .     SeeInvis .     a - +0 short sword
rCold  . . .     Gourm    .     (no shield)
rNeg   . . .     Faith    .     (helmet restricted)
rPois  .         Spirit   .     l - amulet of regeneration
rElec  .         Dismiss  .     i - ring of wizardry
rCorr  .         Reflect  .     (no ring)
SustAt .         Harm     .     (no ring)
MR     .....                    (no ring)
Stlth  +++++.....               (no ring)
                                (no ring)
                                (no ring)
                                (no ring)

@: brilliant, lethally poisoned (0 -> 0), not resistant to hostile enchantments,
quite stealthy
A: almost no armour, amphibious, 8 rings, constrict 8, camouflage 1, gelatinous
body 1
a: no special abilities


You were on level 4 of the Dungeon.
You were not hungry.

You visited 1 branch of the dungeon, and saw 5 of its levels.

You collected 83 gold pieces.

Inventory:

Hand Weapons
 a - a +0 short sword (weapon)
Missiles
 e - 68 stones (quivered)
Armour
 n - a +0 large shield
Jewellery
 i - a ring of wizardry (left tentacle)
 l - an amulet of regeneration (around mantle)
Wands
 b - a wand of flame (12/48)
 c - a wand of enslavement (15/24)
 d - a wand of random effects (9/48)
 m - a wand of lightning (3/15)
Scrolls
 h - 2 scrolls of remove curse {unknown}
 j - a scroll of magic mapping {unknown}
 o - a scroll of random uselessness {unknown}
 q - a scroll of recharging {unknown}
Potions
 g - 2 potions of brilliance
 k - a potion of flight {unknown}
Comestibles
 f - a bread ration
 p - a meat ration


   Skills:
 - Level 1.0 Fighting
 - Level 1.0 Short Blades
 - Level 2.0 Dodging
 + Level 8.1 Stealth
 - Level 3.2 Evocations


You had 4 spell levels left.
You didn't know any spells.

Dungeon Overview and Level Annotations

Branches:
Dungeon (5/15)
 Temple: D:4-7

Altars:
Cheibriados
Yredelemnul


Innate Abilities, Weirdness & Mutations

You cannot wear most types of armour.
You are amphibious.
You can wear up to eight rings at the same time.
You can use your tentacles to constrict eight enemies at once.
Your skin changes colour to match your surroundings (Stealth).
Your rubbery body absorbs attacks (AC +1).


Message History

The orc shouts!
You hear a shout!
You feel sick.
Drink which item? (? for menu, Esc to quit)
Okay, then.
Drink which item? (? for menu, Esc to quit)
It was a potion of brilliance.
You feel clever all of a sudden.
You feel sick.
Found 7 gold pieces.
Found a stone staircase leading up.
An orc priest comes into view.
You feel sick.
There is a stone staircase leading up here.
Read which item? (? for menu, Esc to quit)
Okay, then.
Evoke which item? (* to show all) (? for menu, Esc to quit)
Okay, then.
Drink which item? (? for menu, Esc to quit)
Okay, then.
The orc priest hits you.
You die...

... #.# .$ ######... #.#
... .......#
####.####... .......#
....#......
..^...#######.....#
................#.#
......#####...ooW.#
..#####......###<##
.#..†...####.# #@#
....#######..###o#######
.##....##...#..........#
.####.....###..........#
.# .###.# #..........#
.####.#
#.########.#############
......# #..#
#.##..........# #######
#.### #.##..........#
..#
#<..#####.....).......#


You could see a phantom, an orc priest and an orc.

Vanquished Creatures
  A howler monkey (D:4)
  A hound (D:4)
  An orc wizard (D:4)
  A worker ant (D:4)
  5 adders
  An ooze (D:1)
  A dart slug (D:1)
  A giant gecko (D:4)
  2 orcs (D:4)
  2 bats
  4 goblins
  A hobgoblin (D:3)
  9 jackals
  4 giant newts
  3 kobolds (D:1)
  3 rats
40 creatures vanquished.

Notes
Turn   | Place    | Note
--------------------------------------------------------------
     0 | D:1      | M4edhros the Octopode Artificer began the quest for the Orb.
     0 | D:1      | Reached XP level 1. HP: 13/13 MP: 3/3
    16 | D:1      | Reached skill level 2 in Stealth
   161 | D:1      | Reached skill level 3 in Stealth
   161 | D:1      | Reached XP level 2. HP: 9/18 MP: 4/4
   682 | D:2      | Reached skill level 4 in Stealth
   682 | D:2      | Reached XP level 3. HP: 23/23 MP: 5/5
   849 | D:2      | Reached skill level 5 in Stealth
  1058 | D:4      | Reached XP level 4. HP: 20/28 MP: 6/6
  1180 | D:4      | Noticed a phantom
  1313 | D:3      | Reached skill level 6 in Stealth
  1401 | D:3      | You fall through a shaft for 2 floors!
  1401 | D:5      | Entered Level 5 of the Dungeon
  1467 | D:4      | Reached skill level 7 in Stealth
  1467 | D:4      | Reached XP level 5. HP: 28/33 MP: 7/7
  1475 | D:4      | Found a basalt altar of Yredelemnul.
  1475 | D:4      | Found a snail-covered altar of Cheibriados.
  1592 | D:4      | Reached skill level 8 in Stealth
  1616 | D:4      | Slain by an orc priest

Vault maps used:
D:1:      minmay_arrival_shattered_statue, minivault_14
D:2:      ecumenical_altar_1
D:3:      first_bread
D:4:      gammafunk_temple_overflow_wave
D:5:      minmay_misc_feat_tower, uniq_crazy_yiuf_cottage, uniq_sigmund

Skill      XL: |  1  2  3  4  5 |
---------------+----------------+-----
Stealth        | 3 4 5 7 8 |  8.1
Fighting       | |  1.0
Short Blades   | |  1.0
Dodging        | |  2.0
Evocations     | |  3.2

Action                   |  1- 3 |  4- 6 || total
-------------------------+-------+-------++-------
Melee: Short sword       |    57 |    37 ||    94
Evoke: Wand              |     1 |     8 ||     9
  Use: Potion            |     1 |     1 ||     2
 Stab: Sleeping          |     3 |     1 ||     4
  Eat: Chunk             |       |     2 ||     2
